 Dungeon Crawl Stone Soup version 0.18-a0-844-g9229740 (webtiles) character file.

79 root the Skirmisher (level 4, -2/37 HPs)
             Began as a Demonspawn Chaos Knight on Dec 19, 2015.
             Killed from afar by Natasha (4 damage)
             ... with a magic dart
             ... on level 3 of the Dungeon.
             The game lasted 00:06:24 (1489 turns).

root the Skirmisher (Demonspawn Chaos Knight)       Turns: 1489, Time: 00:06:25

Health: -2/37      AC:  5    Str: 12    XL:     4   Next: 17%
Magic:  4/4        EV: 12    Int: 14    God:    Xom [*.....]
Gold:   115        SH:  0    Dex: 13    Spells: 0 memorised, 3 levels left

rFire  . . .     SeeInvis .     a - +0 falchion (chaos)
rCold  . . .     Gourm    .     b - +2 leather armour
rNeg   . . .     Faith    .     (no shield)
rPois  .         Spirit   .     (no helmet)
rElec  .         Dismiss  .     (no cloak)
rCorr  .         Reflect  .     (no gloves)
SustAt .         Harm     .     (no boots)
MR     .....                    (no amulet)
Stlth  +.........               (no ring)
                                (no ring)

@: not resistant to hostile enchantments, very unstealthy
A: hooves 2, spiny 1
a: Renounce Religion


You were on level 3 of the Dungeon.
You worshipped Xom.
You were a special plaything of Xom.
You were not hungry.

You visited 1 branch of the dungeon, and saw 3 of its levels.

You collected 115 gold pieces.

Inventory:

Hand Weapons
 a - a +0 falchion of chaos (weapon)
Armour
 b - a +2 leather armour (worn)
Scrolls
 d - a scroll of immolation {unknown}
 h - 4 scrolls of remove curse {unknown}
 j - 2 scrolls of magic mapping {unknown}
 l - 4 scrolls of identify {unknown}
 m - a scroll of amnesia {unknown}
 o - a scroll of random uselessness {unknown}
 p - a scroll of enchant armour {unknown}
Potions
 e - 2 potions of curing {unknown}
 f - a potion of heal wounds {unknown}
 k - a potion of cure mutation {unknown}
 n - a potion of ambrosia {unknown}
Comestibles
 c - 2 bread rations
 g - 3 beef jerkies
 i - 2 slices of pizza
 q - 5 fruits
 r - 2 chunks of flesh


   Skills:
 + Level 4.0 Fighting
 + Level 3.0 Long Blades
 + Level 2.1 Armour
 + Level 1.8 Dodging
 + Level 0.8 Stealth


You had 3 spell levels left.
You didn't know any spells.

Dungeon Overview and Level Annotations

Branches:
Dungeon (3/15)

Altars:
Pakellas

Annotations:
D:3 Grinder, Natasha


Innate Abilities, Weirdness & Mutations

You have hoof-like feet.
You are partially covered in sharp spines.


Message History

You suddenly lose the ability to move!
Something hits you but does no damage. Something hits you.
You writhe in agony.
Something hits you but does no damage. Something hits you.
You writhe in agony.
Something tries to affect you, but you resist.
You can move again.
Natasha, Servant of Life and Death comes into view.
Natasha hisses angrily.
You hit something.
There is a sudden explosion of sparks!
Pain shoots through your body!
* * * LOW HITPOINT WARNING * * *
You miss something. Your kick misses something. Something hits you.
* * * LOW HITPOINT WARNING * * *
You writhe in agony.
* * * LOW HITPOINT WARNING * * *
Natasha stares at you and mumbles some strange words.
The magic dart hits you!
You die...
Xom bursts into laughter!

######## #......#
#......# #....{.#
#.h...@################
.......?................
.###....#####...#####...
#....#####...###.....
...................#...
############...##......
#...###.#...
#........### #.....†..#


You could see Natasha.

Vanquished Creatures
  2 adders
  A worm (D:3)
  4 giant geckos
  2 giant cockroaches
  6 goblins
  7 hobgoblins
  3 quokkas
  5 bats
  4 giant newts
  10 jackals
  2 kobolds (D:2)
  6 rats
52 creatures vanquished.

Notes
Turn   | Place    | Note
--------------------------------------------------------------
     0 | D:1      | root the Demonspawn Chaos Knight began the quest for the Orb.
     0 | D:1      | Reached XP level 1. HP: 18/18 MP: 1/1
    28 | D:1      | XOM: smoke on damage
   158 | D:1      | XOM is BORED!
   158 | D:1      | XOM: harmless Hex miscast
   172 | D:1      | XOM: potion effect (invisibility)
   183 | D:1      | Reached skill level 1 in Dodging
   188 | D:1      | Gained mutation: You are partially covered in sharp spines. [demonic ancestry]
   188 | D:1      | Reached XP level 2. HP: 22/24 MP: 2/2
   768 | D:2      | Gained mutation: You have large cloven feet. [demonic ancestry]
   768 | D:2      | Reached XP level 3. HP: 28/30 MP: 3/3
   844 | D:2      | XOM: silly message
   972 | D:2      | XOM: colour smoke trail
   990 | D:2      | Found an oddly glowing altar of Pakellas.
  1423 | D:3      | Reached skill level 4 in Fighting
  1423 | D:3      | Gained mutation: You have hoof-like feet. [demonic ancestry]
  1423 | D:3      | Reached XP level 4. HP: 30/37 MP: 4/4
  1479 | D:3      | Noticed Grinder
  1482 | D:3      | Paralysed by something for 6 turns
  1488 | D:3      | Noticed Natasha
  1489 | D:3      | Killed from afar by Natasha

Vault maps used:
D:1:      dpeg_arrival_connections, hangedman_feature_mirror
D:2:      nicolae_overflow_hidden_temple
D:3:      uniq_grinder, uniq_natasha

Action                   |  1- 3 |  4- 6 || total
-------------------------+-------+-------++-------
Melee: Falchion          |    77 |     6 ||    83
 Stab: Invisible         |     2 |       ||     2
       Sleeping          |     1 |       ||     1
  Eat: Chunk             |     2 |       ||     2
